 Dungeon Crawl Stone Soup version 0.30-a0-830-gfe289a77b0 (webtiles) character file.

Game seed: 13454140333751069954

478533 cforsyth the Acrobat (level 26, -6/171 HPs)
             Began as a Kobold Brigand on Mar 1, 2023.
             Was the Champion of Hepliaklqana.
             Mangled by a vampire knight
             ... wielding a +2 dire flail
              (44 damage)
             ... on level 1 of the Crypt.
             The game lasted 02:15:54 (83753 turns).

cforsyth the Acrobat (Kobold Brigand)              Turns: 83753, Time: 02:15:54

Health: -6/171     AC: 15    Str:  4    XL:     26   Next: 6%
Magic:  23/23      EV: 41    Int: 23    God:    Hepliaklqana [******]
Gold:   3768       SH: 17    Dex: 29    Spells: 25/25 levels left

rFire   + . .      SeeInvis .    w - +6 short sword (protect)
rCold   + + +      Faith    .    c - +0 kite shield {reflect}
rNeg    + + .      Spirit   .    a - +2 leather armour {rF+}
rPois   .          Reflect  +    g - +2 helmet of the Resonant God {Harm Int+3 Dex+3}
rElec   .          Harm     +    V - +2 cloak {rC+}
rCorr   .          Rampage  .    K - +0 pair of gloves {infuse}
Will    ++...                    L - +2 pair of boots
Stlth   ++++++++++               t - amulet of Vitality {RegenMP++ Regen++}
HPRegen 2.08/turn                k - ring of the Fifty Defenders {rC++ rN++ Str-5 Int+6}
MPRegen 0.98/turn                D - ring of willpower

@: about to teleport, studying 3 skills
A: reduced essence, small, no large weapons, nightstalker 3
}: 2/15 runes: decaying, serpentine
a: Renounce Religion, Recall Ancestor, Ancestor Identity, Transference, Idealise


You were on level 1 of the Crypt.
You worshipped Hepliaklqana.
Hepliaklqana was exalted by your worship.
You visited 10 branches of the dungeon, and saw 44 of its levels.
You visited the Abyss 1 time.
You also visited: Trove, Bailey, Gauntlet and Ice Cave.

You collected 6119 gold pieces.
You spent 2351 gold pieces at shops.

Inventory:

Hand Weapons
 w - a +6 short sword of protection (weapon)
 I - the +6 rapier "Irgh" {flame, Will- Str+2 Stlth+}
   (You found it on level 5 of the Dungeon)

   Str:       It affects your strength (+2).
   Will:      It decreases your willpower.
   Stlth:     It makes you more stealthy.
 W - a +0 heavy quick blade
Missiles
 e - 12 curare-tipped darts (quivered)
 C - 6 atropa-tipped darts
 S - 2 datura-tipped darts
Armour
 a - a +2 leather armour of fire resistance (worn)
 c - a +0 kite shield of reflection (worn)
 g - the +2 helmet of the Resonant God (worn) {Harm Int+3 Dex+3}
   (You found it on level 5 of the Lair of Beasts)

   Int:       It affects your intelligence (+3).
   Dex:       It affects your dexterity (+3).
   Harm:      It increases damage dealt and taken.
 m - a +2 ring mail of willpower
 K - a +0 pair of gloves of infusion (worn)
 L - a +2 pair of boots (worn)
 V - a +2 cloak of cold resistance (worn)
 Y - the +2 cloak "Muhoemonn" {rPois rF- rC+ rN+}
   (You found it on level 13 of the Dungeon)

   rF:        It makes you vulnerable to fire.
   rC:        It protects you from cold.
   rPois:     It protects you from poison.
   rN:        It protects you from negative energy.
Jewellery
 k - the ring of the Fifty Defenders (left hand) {rC++ rN++ Str-5 Int+6}
   (You took it off an orc high priest on level 3 of the Elven Halls)

   [ring of intelligence]

   Str:       It affects your strength (-5).
   Int:       It affects your intelligence (+6).
   rC:        It greatly protects you from cold.
   rN:        It greatly protects you from negative energy.
 t - the amulet of Vitality (around neck) {RegenMP++ Regen++}
   (You took it off a mummy priest on level 1 of the Crypt)

   [amulet of magic regeneration]

   It increases your rate of magic regeneration.
   Regen:     It increases your rate of health regeneration.
 D - a ring of willpower (right hand)
 N - a +4 ring of slaying
 O - a ring of flight
 X - a +6 ring of dexterity
Wands
 n - a wand of mindburst (38)
 q - a wand of charming (51)
 v - a wand of flame (127)
 A - a wand of roots (53)
 H - a wand of quicksilver (14)
 P - a wand of polymorph (48)
Scrolls
 b - 15 scrolls of enchant weapon
 d - 8 scrolls of poison
 f - 13 scrolls of fear
 h - 3 scrolls of torment
 l - 10 scrolls of vulnerability
 p - 3 scrolls of teleportation
 r - 5 scrolls of magic mapping
 y - 12 scrolls of amnesia
 B - 2 scrolls of butterflies
 F - 9 scrolls of fog
 M - 13 scrolls of enchant armour
 Z - 6 scrolls of blinking
Potions
 i - 9 potions of attraction
 j - 8 potions of mutation
 o - 3 potions of invisibility
 s - 8 potions of flight
 u - 3 potions of heal wounds
 x - 3 potions of haste
 z - 7 potions of brilliance
 E - 13 potions of resistance
 G - 5 potions of cancellation
 J - 10 potions of curing
 Q - 5 potions of berserk rage
 R - 5 potions of ambrosia
 T - 13 potions of lignification
 U - 9 potions of might


   Skills:
 + Level 26.2 Fighting
 + Level 21.0 Short Blades
 - Level 2.1 Throwing
 + Level 26.9 Dodging
 + Level 23.0 Stealth
 + Level 16.1 Shields


You had 25 spell levels left.
You didn't know any spells.
Your spell library contained the following spells:

 Spells                   Type           Power      Damage    Failure   Level
 Beastly Appendage        Tmut           0%         N/A       52%         1
 Foxfire                  Conj/Fire      0%         2x1d4     52%         1
 Freeze                   Ice            0%         1d3       52%         1
 Kiss of Death            Conj/Necr      0%         2d5       52%         1
 Sandblast                Erth           0%         2d4       52%         1
 Slow                     Hex            0%         N/A       52%         1
 Call Imp                 Summ           0%         N/A       65%         2
 Cigotuvi's Dreadful Rot  Necr/Pois/Air  0%         N/A       65%         2
 Ensorcelled Hibernation  Hex/Ice        0%         N/A       65%         2
 Momentum Strike          Conj/Tloc      0%         3d8       65%         2
 Wereblood                Tmut           0%         N/A       65%         2
 Call Canine Familiar     Summ           0%         N/A       87%         3
 Confusing Touch          Hex            0%         N/A       87%         3
 Frozen Ramparts          Ice            0%         1d1       87%         3
 Gell's Gravitas          Tloc           0%         N/A       87%         3
 Hailstorm                Conj/Ice       0%         3d3       87%         3
 Ignite Poison            Fire/Tmut/Pois 0%         N/A       87%         3
 Ozocubu's Armour         Ice            0%         N/A       87%         3
 Portal Projectile        Hex/Tloc       0%         N/A       87%         3
 Spider Form              Tmut/Pois      0%         N/A       87%         3
 Teleport Other           Tloc           0%         N/A       87%         3
 Vampiric Draining        Necr           0%         2d6       87%         3
 Airstrike                Air            0%         2d(0-16)  99%         4
 Anguish                  Hex/Necr       0%         N/A       99%         4
 Animate Armour           Summ/Erth      0%         N/A       99%         4
 Cause Fear               Hex            0%         N/A       99%         4
 Dispel Undead            Necr           0%         3d6       99%         4
 Ice Form                 Ice/Tmut       0%         N/A       99%         4
 Leda's Liquefaction      Hex/Erth       0%         N/A       99%         4
 Manifold Assault         Tloc           0%         N/A       99%         4
 Olgreb's Toxic Radiance  Pois           0%         N/A       99%         4
 Petrify                  Tmut/Erth      0%         N/A       99%         4
 Sticky Flame             Conj/Fire      0%         2d3       99%         4
 Summon Lightning Spire   Summ/Air       0%         N/A       99%         4
 Blade Hands              Tmut           0%         N/A       100%        5
 Fireball                 Conj/Fire      0%         3d3       100%        5
 Irradiate                Conj/Tmut      0%         3d11      100%        5
 Lee's Rapid Deconstruct  Erth           0%         3d4*      100%        5
 Lightning Bolt           Conj/Air       0%         1d11      100%        5
 Metabolic Englaciation   Hex/Ice        0%         N/A       100%        5
 Summon Forest            Summ/Tloc      0%         N/A       100%        5
 Summon Mana Viper        Hex/Summ       0%         N/A       100%        5
 Death Channel            Necr           0%         N/A       100%        6
 Dispersal                Tloc           0%         N/A       100%        6
 Simulacrum               Ice/Necr       0%         N/A       100%        6
 Starburst                Conj/Fire      0%         6d3       100%        6
 Statue Form              Tmut/Erth      0%         N/A       100%        6
 Summon Cactus Giant      Summ           0%         N/A       100%        6
 Dragon Form              Tmut           0%         N/A       100%        7
 Ozocubu's Refrigeration  Ice            0%         4d7       100%        7
 Disjunction              Tloc           0%         N/A       100%        8
 Ignition                 Fire           0%         3d3       100%        8
 Lehudib's Crystal Spear  Conj/Erth      0%         10d2      100%        8
 Dragon's Call            Summ           0%         N/A       100%        9


Dungeon Overview and Level Annotations

Branches:
Dungeon (15/15)            Temple (1/1) D:6            Lair (5/5) D:8
  Swamp (4/4) Lair:3        Snake (4/4) Lair:3        Slime (0/5) Lair:4
    Orc (2/2) D:11            Elf (3/3) Orc:2        Vaults (4/5) D:14
  Crypt (2/3) Vaults:2     Depths (4/4) D:15            Zot (0/5) Depths:4
 Bailey (visited)           IceCv (visited)         Gauntlet (visited)

Altars:
Ashenzari
Cheibriados
Dithmenos
Elyvilon
Fedhas
Gozag
Hepliaklqana
Kikubaaqudgha
Makhleb
Nemelex Xobeh
Okawaru
Qazlal
Ru
Sif Muna
Trog
Uskayaw
Vehumet
Wu Jian
Xom
Yredelemnul
Zin
The Shining One
Lugonu

Shops:
D:1 (?   D:2 [   D:9 (*   D:11 (   Orc:1 :*   Orc:2 :(*[   Elf:1 ?   Elf:2 :
Elf:3 *!   Snake:2 ((   Vaults:1 *   Vaults:3 (   Depths:1 :=:   Depths:4 *

Portals:
Hell: Depths:1 Depths:2 Depths:3 Depths:4
Abyss: Orc:1 Depths:1 Depths:3
Pandemonium: Depths:2 Depths:4
Ziggurat: Depths:1
Bazaar: D:14

Annotations:
Swamp:3 2 transporters, Leut's ghost, adept MiFi
Elf:2 3 runed translucent doors


Innate Abilities, Weirdness & Mutations

Your life essence is reduced to manifest your ancestor. (-10% HP)
You are small and have problems with some larger weapons.
You are completely attuned to the shadows.


Message History

Something barely misses you. Something misses you.
The vampire knight gestures wildly while chanting.
The vampire knight seems to speed up.
Something completely misses you. x2
The vampire knight mumbles some strange words.
The vampire knight flickers and vanishes!
There is a stone staircase leading up here.
Something misses you. x2; You block something's attack.
Something completely misses you.
You climb upwards.
Reactivating autopickup.
There is a stone staircase leading down here.
Something barely misses you. You block something's attack.
Deactivating autopickup; reactivate with Ctrl-A.
Something hits you!! Something closely misses you. Something hits you!!
Something barely misses you. You block something's attack.
Something completely misses you. Something hits you!
Something closely misses you.
You hear some strange, mumbled words.
You suddenly lose the ability to move!
Something hits you!!
* * * LOW HITPOINT WARNING * * *
Something bites you!
* * * LOW HITPOINT WARNING * * *
Something draws strength from your injuries!
A vampire knight appears from thin air!
Reactivating autopickup.
The vampire knight hits you with a +2 dire flail.
* * * LOW HITPOINT WARNING * * *
The vampire knight bites you but does no damage.
You can move again.
Okay, then.
As you read the scroll of teleportation, it crumbles to dust.
You feel strangely unstable.
You block the vampire knight's attack. x2
The vampire knight completely misses you.
The vampire knight bites you but does no damage.
The vampire knight attacks as you move away!
You block the vampire knight's attack. x2
The vampire knight hits you with a +2 dire flail!!!
You die...

######...<..#.....+......+....#..
............#.....#......#....#..
#...##.>....#.....#......#....#..
######......#######......####'#..
######.............[.............
.................................
.................................
.................................
(..............V@................
.................................
.............#####........#######
######.......+...#........R.....#
.............#...#........#.....#
.............+...#........#.....#
..._.........#...'........#.....#
.............#...#........#.....#
#............#####........#######


You could see a vampire knight (fast).

Vanquished Creatures
  Khufu (Crypt:1)
  Mennas (Vaults:2)
  3 juggernauts (Depths:3)
  2 royal mummies (Crypt:1)
  Bai Suzhen (Swamp:4)
  4 golden dragons
  Vashnia (Snake:3)
  Jory (Vaults:3)
  Nikola (Vaults:3)
  2 bone dragons (Depths:4)
  A tentacled monstrosity (Depths:3)
  A walking crystal tome (Depths:3)
  2 liches
  Zenata (Vaults:3)
  Jorgrun (Snake:3)
  3 walking frostbound tomes (Depths:3)
  A walking earthen tome (Depths:3)
  2 deep elf blademasters (Elf:3)
  2 titans (Depths:3)
  2 deep elf master archers (Elf:3)
  2 ancient champions
  Gastronok (D:8)
  A quicksilver dragon (Depths:3)
  9 sphinxes
  A tentacled starspawn (Abyss:2)
  A shadow dragon (Depths:3)
  3 tengu reavers
  Roxanne (Elf:3)
  2 storm dragons (Depths:4)
  A draconian knight (Depths:4)
  2 nagarajas
  8 frost giants
  A revenant (Crypt:2)
  2 iron dragons (Depths:3)
  5 fire giants
  A balrug (Depths:4)
  A curse skull (Crypt:1)
  3 deep elf sorcerers
  11 vault wardens
  Louise (D:14)
  Aizul (Snake:1)
  3 deep elf elementalists
  3 orc warlords
  7 ghouls
  A war gargoyle (Vaults:4)
  2 spriggan defenders (Depths:2)
  7 stone giants
  16 ironbound preservers
  30 very ugly things
  8 ironbound thunderhulks
  Nessos (D:12)
  4 vampire knights
  A black draconian (Depths:4)
  4 deep elf demonologists (Elf:3)
  A green draconian (Depths:4)
  3 yellow draconians (Depths:4)
  5 deep elf annihilators (Elf:3)
  2 minotaurs
  10 dire elephants
  4 eleionomae
  2 bunyips
  12 starcursed masses (Abyss:2)
  A crystal guardian (Vaults:4)
  5 spark wasps
  5 ettins
  An acid blob zombie (Crypt:1)
  A merfolk impaler (Depths:4)
  2 mummy priests (Crypt:1)
  8 deep elf death magi
  11 fire dragons
  2 deep elf high priests (Elf:3)
  9 yaktaur captains
  A spriggan zombie (Crypt:1)
  2 jiangshi (Crypt:1)
  12 vault guards
  6 great orbs of eyes
  An entropy weaver (Vaults:2)
  Fannar (D:10)
  5 rakshasas
  A salamander tyrant (Depths:2)
  A ghost crab (Swamp:3)
  12 hydras
  6 catoblepae
  8 ironbound frosthearts
  4 ice dragons
  A peacekeeper (Vaults:4)
  A hell beast (Depths:2)
  3 ogre magi
  4 spriggan air magi
  9 anacondas
  12 boulder beetles
  A spriggan skeleton (Crypt:2)
  10 dancing weapons
  13 alligators
  An Orb Guardian skeleton (Crypt:1)
  10 centaur warriors
  A death knight (Crypt:1)
  6 two-headed ogres
  14 death yaks
  4 deep troll shamans
  15 naga sharpshooters
  A death scarab (Gauntlet)
  6 tengu warriors
  12 naga warriors
  6 deep troll earth magi
  9 shock serpents
  3 orc high priests
  6 deep elf knights
  2 sun demons (Depths:2)
  2 vampire magi
  5 spriggans
  4 spriggan berserkers
  Amaemon (D:11)
  Sonja (D:10)
  A soul eater (Depths:4)
  A skyshark (Lair:3)
  4 skeletal warriors (D:14)
  A shadow wraith (Crypt:2)
  A wretched star (Abyss:2)
  2 iron trolls
  2 fire crabs
  5 salamander mystics
  11 deep elf archers
  2 flayed ghosts
  4 bog bodies
  2 spriggan druids
  4 goliath frogs
  14 swamp dragons
  37 deep trolls
  3 glowing orange brains
  A sea snake (shapeshifter) (Depths:3)
  An orb spider (Abyss:2)
  13 ironbound convokers
  11 wizards
  An iron giant skeleton (Crypt:2)
  2 shadow dragon zombies (Vaults:3)
  3 phantasmal warriors
  17 lindwurms
  16 mana vipers
  5 naga ritualists
  4 harpies (Vaults:1)
  18 deep elf zephyrmancers
  17 deep elf pyromancers
  4 orc knights
  An oklob plant (Lair:5)
  4 necromancers
  7 cyclopes
  A wolf spider (D:15)
  2 orc sorcerers (Elf:2)
  18 salamanders
  38 ugly things
  An iron dragon zombie (Vaults:3)
  2 salamanders (shapeshifter)
  4 manticores
  37 black mambas
  An apocalypse crab (Abyss:2)
  A dire elephant zombie (Crypt:2)
  An ice statue (IceCv)
  20 vault sentinels
  6 guardian serpents
  A stone giant skeleton (Crypt:2)
  15 naga magi
  A smoke demon (Depths:2)
  An orange demon (D:11)
  A torpor snail (Lair:5)
  A gargoyle (D:11)
  13 cane toads
  An unseen horror (D:12)
  4 centaur skeletons (D:14)
  21 yaktaurs
  A steelbarb worm zombie (Crypt:1)
  7 komodo dragons
  6 rime drakes
  2 efreet
  7 kobold demonologists
  4 guardian mummies (Crypt:1)
  An ice devil (Depths:4)
  A freezing wraith (Abyss:2)
  4 tengu conjurers
  11 trolls
  2 tyrant leeches
  20 polar bears
  3 hornets (Swamp:1)
  A hellwing (Depths:4)
  5 raiju
  Prince Ribbit (D:6)
  A spectral black mamba (Gauntlet)
  16 blink frogs
  An ice dragon zombie (Crypt:1)
  A centaur simulacrum (Gauntlet)
  16 slime creatures
  6 hexers
  4 air elementals
  9 water elementals
  5 flying skulls (Crypt:2)
  A large abomination (Abyss:2)
  A ynoxinul (Depths:2)
  6 wyverns
  2 vampires
  4 wraiths
  43 yaks
  3 fire elementals (Elf:1)
  Eustachio (D:4)
  A redback (Vaults:2)
  A yak (shapeshifter) (Elf:3)
  An ettin skeleton (Abyss:2)
  12 vampire mosquitoes
  A chaos spawn (Abyss:2)
  7 basilisks
  A neqoxec (Abyss:2)
  Edmund (D:6)
  Menkaure (D:6)
  5 steam dragons
  A wind drake skeleton (Crypt:2)
  7 wargs
  9 swamp worms
  39 nagas
  A naga zombie (Crypt:2)
  A faun zombie (Crypt:2)
  A hydra simulacrum (Gauntlet)
  Duvessa (D:5)
  2 acid dragons
  A floating eye (Depths:3)
  11 hell hounds (Lair:5)
  16 water moccasins
  11 black bears (Lair:5)
  A sky beast (D:8)
  7 swamp drakes
  43 orc warriors
  2 ettin simulacra
  2 ice beasts (D:7)
  8 ogres
  4 boggarts (Vaults:1)
  38 wolves
  A lindwurm skeleton (Crypt:2)
  A hog zombie (Crypt:1)
  16 centaurs
  3 phantoms
  10 kobold brigands
  3 necrophages
  A rime drake skeleton (Crypt:1)
  11 bullfrogs
  5 earth elementals
  2 gnoll sergeants
  9 scorpions
  17 wights
  Dowan (D:5)
  5 killer bees (D:11)
  12 howler monkeys
  4 electric eels
  A lava snake (Swamp:4)
  A quasit (Abyss:2)
  7 jellies
  6 hounds
  3 gnoll boudas
  15 orc priests
  31 orc wizards
  2 iguanas
  3 small abominations (Abyss:2)
  A mummy (Crypt:1)
  Robin (D:4)
  19 gnolls
  7 adders
  2 shadow imps
  11 white imps
  2 ufetubi (D:5)
  A worm (D:5)
  2 dart slugs
  90 orcs
  8 ball pythons
  8 bats
  5 endoplasms
  3 giant cockroaches
  8 goblins
  12 hobgoblins
  6 jackals
  17 kobolds
  2 quokkas (D:2)
  A ball python skeleton (Crypt:1)
  A frilled lizard (D:1)
  A hobgoblin skeleton (Crypt:2)
  A butterfly (Lair:1)
  A lurking horror (Orc:1)
  A starspawn tentacle (Abyss:2)
1709 creatures vanquished.

Vanquished Creatures (collateral kills)
  A walking crystal tome (Depths:3)
  2 liches (Depths:4)
  A titan (Depths:3)
  A sphinx (Vaults:4)
  A fenstrider witch (Swamp:2)
  An iron dragon (Depths:3)
  A curse skull (Crypt:2)
  A deep elf elementalist (Elf:3)
  2 ghouls
  A stone giant (Depths:4)
  2 very ugly things
  An ironbound thunderhulk (Vaults:4)
  3 eleionomae
  A vampire knight (Crypt:2)
  A purple draconian (Depths:4)
  A dire elephant (Vaults:3)
  2 deep elf death magi
  A spark wasp (Depths:2)
  A fire dragon (Depths:3)
  2 great orbs of eyes (Vaults:4)
  A deep elf high priest (Elf:3)
  A shambling mangrove (Swamp:4)
  A peacekeeper (Vaults:4)
  3 hydras
  2 anacondas
  A catoblepas (Lair:5)
  A two-headed ogre (D:7)
  An ironbound frostheart (Vaults:4)
  Erica (D:10)
  A dancing weapon (Elf:2)
  An alligator (Swamp:4)
  3 centaur warriors
  4 death yaks
  A naga warrior (Snake:4)
  A vampire mage (Crypt:2)
  4 deep elf knights (Elf:3)
  3 naga sharpshooters
  A skyshark (Lair:5)
  An orc high priest (Orc:2)
  An emperor scorpion zombie (Crypt:1)
  A spriggan (Depths:3)
  A shadow wraith (Crypt:2)
  A glowing orange brain (Depths:4)
  A naga ritualist (Snake:2)
  8 deep trolls
  3 deep elf archers
  2 ironbound convokers
  2 orc knights
  A bog body (Swamp:2)
  2 wizards
  4 deep elf pyromancers
  A phantasmal warrior (Crypt:2)
  A necromancer (Vaults:3)
  2 lindwurms
  4 ugly things
  An orc sorcerer (Orc:1)
  A cyclops (D:14)
  A manticore (D:13)
  4 salamanders
  A naga mage (Snake:2)
  A vault sentinel (Vaults:2)
  5 black mambas
  2 cane toads (Lair:5)
  A komodo dragon (Lair:2)
  3 hornets
  A polar bear (Lair:5)
  A blink frog (Lair:5)
  A raiju (Abyss:2)
  A slime creature (Vaults:2)
  A flying skull (Crypt:2)
  3 wraiths
  A ynoxinul (Abyss:2)
  2 water elementals (Depths:4)
  4 yaks
  A redback (Vaults:2)
  A basilisk (Lair:4)
  A wyvern (Lair:5)
  3 fire elementals
  3 vampire mosquitoes
  2 nagas
  A steam dragon (Swamp:4)
  A warg (Lair:5)
  2 water moccasins (Lair:2)
  4 swamp worms
  A hell hound (Lair:5)
  3 swamp drakes (Swamp:4)
  7 orc warriors
  5 wolves
  6 centaurs
  2 kobold brigands (D:12)
  A swamp dragon skeleton (Crypt:1)
  A phantom (D:7)
  An earth elemental (Elf:1)
  5 necrophages
  A wight (D:7)
  An electric eel (D:8)
  2 orc priests
  4 orc wizards
  A boggart simulacrum (Gauntlet)
  4 white imps (Lair:4)
  An adder zombie (Crypt:1)
  18 orcs
  3 kobolds
  A butterfly (Lair:1)
216 creatures vanquished.

Vanquished Creatures (others)
  A vault warden (Vaults:1)
  A dancing weapon (Elf:1)
  A wizard (D:14)
  2 deep elf pyromancers
  2 bloated husks
  A centaur simulacrum (D:11)
  A spriggan (Swamp:4)
  A water elemental (Depths:4)
  3 swamp drakes (Swamp:4)
  A boggart (Vaults:1)
  38 hexers
  6 ancestors
  An orc (Elf:3)
  A ball lightning (Elf:1)
  35 fungi
  A lurking horror (Abyss:2)
  60 plants
  3 starspawn tentacles (Abyss:2)
  22 withered plants (Gauntlet)
181 creatures vanquished.

Grand Total: 2106 creatures vanquished

Notes
Turn   | Place    | Note
-------+----------+-------------------------------------------
     0 | D:1      | cforsyth the Kobold Brigand began the quest for the Orb.
     0 | D:1      | Reached XP level 1. HP: 12/12 MP: 1/1
    52 | D:1      | Found Royt's Antique Weapon Emporium.
   263 | D:1      | Noticed a great orb of eyes
   265 | D:1      | Found a faded altar of an unknown god.
   265 | D:1      | Noticed an eye of devastation
   269 | D:1      | Noticed a great orb of eyes
   272 | D:1      | Noticed an eye of devastation
   335 | D:1      | Reached XP level 2. HP: 18/18 MP: 2/2
   376 | D:1      | Found Cealoud's Magic Scroll Shop.
   921 | D:2      | Reached XP level 3. HP: 22/22 MP: 3/3
   994 | D:2      | Found Ugiss's Antique Armour Shoppe.
  1642 | D:3      | Reached XP level 4. HP: 14/27 MP: 4/4
  1733 | D:3      | Identified the amulet "Oblimoic" {Acrobat Int+2}
  2428 | D:4      | Noticed a scorpion
  2432 | D:4      | Killed a scorpion
  2433 | D:4      | Reached XP level 5. HP: 32/32 MP: 5/5
  2535 | D:4      | Noticed Eustachio
  2539 | D:4      | Killed Eustachio
  2540 | D:4      | Reached XP level 6. HP: 38/38 MP: 6/6
  2785 | D:4      | Noticed Robin
  3059 | D:4      | Killed Robin
  3100 | D:5      | Entered Level 5 of the Dungeon
  3152 | D:5      | Reached skill level 5 in Short Blades
  3152 | D:5      | Reached XP level 7. HP: 32/43 MP: 7/7
  3428 | D:5      | Reached skill level 5 in Fighting
  3428 | D:5      | Reached skill level 5 in Dodging
  3428 | D:5      | Reached XP level 8. HP: 34/49 MP: 8/8
  3514 | D:5      | Found the +11 Singing Sword {sonic wave}
  3851 | D:5      | Identified the +6 rapier "Irgh" {flame, Will- Str+2 Stlth+}
  3855 | D:5      | Found a blossoming altar of Fedhas.
  3946 | D:5      | Found a broken altar of Ashenzari.
  3949 | D:5      | Found a basalt altar of Yredelemnul.
  4131 | D:5      | Found a shadowy altar of Dithmenos.
  4980 | D:6      | Noticed Dowan
  4983 | D:6      | Reached XP level 9. HP: 55/55 MP: 9/9
  4984 | D:6      | Noticed Duvessa
  5455 | D:5      | Killed Duvessa
  5465 | D:5      | Killed Dowan
  5617 | D:6      | Noticed Edmund
  5639 | D:6      | Killed Edmund
  5680 | D:6      | Noticed Menkaure
  5684 | D:6      | Killed Menkaure
  5685 | D:6      | Reached skill level 10 in Stealth
  5758 | D:6      | Noticed Prince Ribbit
  5779 | D:6      | Killed Prince Ribbit
  6264 | D:6      | Found an opulent altar of Gozag.
  6700 | D:6      | Found a staircase to the Ecumenical Temple.
  6818 | Temple   | Entered the Ecumenical Temple
  7696 | D:7      | Found a hazy altar of Hepliaklqana.
  7701 | D:7      | Found an iron altar of Okawaru.
  7707 | D:7      | Became a worshipper of Hepliaklqana the Forgotten
  7712 | D:7      | Found a hide-covered altar of Uskayaw.
  7713 | D:7      | Found a stormy altar of Qazlal.
  7838 | D:7      | Reached XP level 10. HP: 63/63 MP: 10/10
  8425 | D:8      | Reached skill level 10 in Short Blades
  8576 | D:8      | Reached * piety under Hepliaklqana
  8577 | D:8      | Noticed Gastronok
  8681 | D:8      | Killed Gastronok
  8682 | D:8      | Reached XP level 11. HP: 23/62 MP: 11/11
  8906 | D:8      | Found a staircase to the Lair.
  9326 | D:7      | Noticed a two-headed ogre
  9516 | D:7      | Reached skill level 10 in Dodging
  9542 | D:7      | Killed a two-headed ogre
  9918 | D:9      | Found a flagged portal.
 10046 | Bailey   | Entered a bailey
 11035 | Bailey   | Identified the +7 executioner's axe "Qej Ruc" {flame, *Rage
                  | rPois Int+7}
 11335 | D:9      | Found Bexkiazo's General Store.
 11347 | D:9      | Reached ** piety under Hepliaklqana
 11382 | D:9      | Found Iduqiac's Antique Weapon Boutique.
 11527 | D:9      | Reached skill level 10 in Fighting
 12147 | D:10     | Entered Level 10 of the Dungeon
 12211 | D:10     | Remembered your ancestor Cuetlachtli as a hexer
 12475 | D:10     | Noticed Sonja
 12491 | D:10     | Killed Sonja
 12492 | D:10     | Reached XP level 12. HP: 69/69 MP: 12/12
 12743 | D:10     | Noticed Erica
 12749 | D:10     | Killed Erica
 12774 | D:10     | Noticed Fannar
 12778 | D:10     | Killed Fannar
 12920 | D:11     | Found Zyego's Antique Weapon Shoppe.
 12948 | D:11     | Reached *** piety under Hepliaklqana
 13116 | D:11     | Found a staircase to the Orcish Mines.
 13316 | D:11     | Noticed Amaemon
 13321 | D:11     | Killed Amaemon
 13378 | D:11     | Noticed a two-headed ogre
 13382 | D:11     | Killed a two-headed ogre
 13758 | D:11     | Noticed a rakshasa
 13765 | D:11     | Noticed a boulder beetle
 13919 | D:11     | Killed a rakshasa
 13991 | D:11     | Reached skill level 15 in Stealth
 14036 | D:11     | Killed a boulder beetle
 14046 | D:11     | Noticed an eight-headed hydra
 14106 | D:11     | Noticed a boulder beetle
 14226 | D:11     | Reached XP level 13. HP: 75/75 MP: 13/13
 14998 | D:11     | Killed an eight-headed hydra
 15396 | D:12     | Noticed a rakshasa
 15411 | D:12     | Killed a rakshasa
 15599 | D:12     | Noticed a centaur warrior
 15608 | D:12     | Killed a centaur warrior
 15682 | D:12     | Noticed Nessos
 15697 | D:12     | Killed Nessos
 16373 | D:13     | Noticed a catoblepas
 16377 | D:13     | Killed a catoblepas
 16411 | D:13     | Reached **** piety under Hepliaklqana
 16441 | D:13     | Noticed a five-headed hydra
 16450 | D:13     | Reached skill level 15 in Short Blades
 16518 | D:12     | Killed a five-headed hydra
 16519 | D:12     | Reached XP level 14. HP: 55/82 MP: 14/14
 17033 | D:13     | Identified the +2 cloak "Muhoemonn" {rPois rF- rC+ rN+}
 17845 | Lair:1   | Entered Level 1 of the Lair of Beasts
 17886 | Lair:1   | Found a gate leading to a gauntlet.
 17900 | Gauntlet | Entered a Gauntlet
 17900 | Gauntlet | Found a transporter.
 17933 | Gauntlet | Found a transporter.
 17941 | Gauntlet | Found a transporter.
 17947 | Gauntlet | Found a transporter.
 17969 | Gauntlet | Found a transporter.
 17981 | Gauntlet | Found a transporter.
 17993 | Gauntlet | Found a transporter.
 18020 | Gauntlet | Found a transporter.
 18022 | Gauntlet | Found the +8 lance "Wyrmbane" {slay drac, rPois rF+ rC+
                  | AC+3}
 18047 | Gauntlet | Found a transporter.
 18059 | Gauntlet | Found a transporter.
 18082 | Gauntlet | Found a transporter.
 18094 | Gauntlet | Found a transporter.
 18103 | Gauntlet | Found a transporter.
 18173 | Gauntlet | an ettin changed into a broodmother
 18173 | Gauntlet | Noticed a broodmother (glowing shapeshifter)
 18174 | Gauntlet | a broodmother changed into a great orb of eyes
 18183 | Gauntlet | a goliath frog changed into a dire elephant
 18183 | Gauntlet | Noticed a dire elephant (glowing shapeshifter)
 18184 | Gauntlet | a dire elephant changed into an iron troll
 18188 | Gauntlet | an iron troll changed into an azure jelly
 18188 | Gauntlet | Noticed an azure jelly (glowing shapeshifter)
 18430 | Gauntlet | Found a transporter.
 18559 | Gauntlet | Found a transporter.
 18567 | Gauntlet | Found a transporter.
 18575 | Gauntlet | Found a transporter.
 18599 | Gauntlet | Identified the +0 cloak of Death Resistance {Str+3}
 18662 | Gauntlet | Identified the +1 pair of boots "Mutal" {Harm Dex+2}
 18698 | Gauntlet | Identified the +1 long sword of Melee {heavy, Int+4 Stlth-}
 18698 | Gauntlet | Noticed a minotaur
 18704 | Gauntlet | Killed a minotaur
 19179 | Lair:1   | Identified the +4 flail of Defiance {distort, rCorr Str+3}
 19403 | Lair:1   | Reached ***** piety under Hepliaklqana
 21692 | Lair:2   | Found a runed translucent door.
 21803 | Lair:2   | Noticed a minotaur
 21819 | Lair:2   | Killed a minotaur
 22268 | Lair:3   | Reached skill level 15 in Dodging
 22574 | Lair:3   | Found a staircase to the Snake Pit.
 22732 | Lair:3   | Reached XP level 15. HP: 77/90 MP: 15/15
 23254 | Lair:3   | Found a staircase to the Swamp.
 23962 | Lair:4   | Found a frozen archway.
 23992 | IceCv    | Entered an ice cave
 24548 | IceCv    | Noticed a frost giant
 24995 | IceCv    | Killed a frost giant
 25643 | Lair:4   | Found a staircase to the Slime Pits.
 25742 | Lair:4   | Reached ****** piety under Hepliaklqana
 26345 | Lair:5   | Entered Level 5 of the Lair of Beasts
 26840 | Lair:4   | Found a staircase to the Slime Pits.
 27131 | Lair:5   | Reached skill level 15 in Fighting
 27338 | Lair:5   | Reached XP level 16. HP: 97/97 MP: 16/16
 27863 | Lair:5   | Identified the +2 helmet of the Resonant God {Harm Int+3
                  | Dex+3}
 30123 | Orc:1    | Entered Level 1 of the Orcish Mines
 30654 | Orc:1    | Found a bloodstained altar of Trog.
 30707 | Orc:1    | Found Nyshink's General Store.
 30709 | Orc:1    | Found Vunoikk's Book Shoppe.
 30794 | Orc:1    | Found a one-way gate to the infinite horrors of the Abyss.
 30795 | Orc:1    | Found a corrupted altar of Lugonu.
 31058 | Orc:2    | Entered Level 2 of the Orcish Mines
 31487 | Orc:2    | Found a staircase to the Elven Halls.
 31809 | Orc:2    | Found Maqehuow's General Store.
 32361 | Orc:2    | Found Weofeud's Antique Armour Emporium.
 32365 | Orc:2    | Found Danaofou's Antique Weapon Shoppe.
 32473 | Orc:2    | Found Rypinaol's Book Emporium.
 32648 | D:14     | Reached skill level 1 in Shields
 32865 | D:14     | Reached XP level 17. HP: 95/103 MP: 15/17
 33197 | D:14     | Noticed Louise
 33215 | D:14     | Killed Louise
 33224 | D:14     | Found a gate to the Vaults.
 33511 | D:14     | Found a gateway to a bazaar.
 33654 | D:15     | Entered Level 15 of the Dungeon
 33885 | D:15     | Found a staircase to the Depths.
 34542 | D:15     | Identified the +6 arbalest of Famine {heavy, rF+ Will-
                  | rCorr Str+2}
 34987 | Snake:1  | Entered Level 1 of the Snake Pit
 36063 | Snake:1  | Reached skill level 5 in Shields
 36214 | Snake:1  | Noticed Aizul
 36226 | Snake:1  | Killed Aizul
 37115 | Snake:2  | Reached XP level 18. HP: 109/111 MP: 18/18
 37705 | Snake:2  | Found Jagemo's Antique Weapon Boutique.
 37711 | Snake:2  | Bought a quick blade for 480 gold pieces
 37712 | Snake:2  | Found Uvuduati's Weapon Boutique.
 38429 | Snake:3  | Noticed Vashnia
 38835 | Snake:3  | Killed Vashnia
 39351 | Snake:3  | Noticed Jorgrun
 39355 | Snake:3  | Killed Jorgrun
 40317 | Snake:4  | Entered Level 4 of the Snake Pit
 41203 | Snake:4  | Reached XP level 19. HP: 118/118 MP: 19/19
 42224 | Snake:4  | Got a serpentine rune of Zot
 42418 | Swamp:1  | Entered Level 1 of the Swamp
 42683 | Orc:2    | Bought a glowing kite shield for 217 gold pieces
 42987 | D:1      | Bought a scroll of blinking for 97 gold pieces
 42987 | D:1      | Bought a scroll of teleportation for 39 gold pieces
 42987 | D:1      | Bought a scroll of enchant weapon for 97 gold pieces
 42987 | D:1      | Bought a scroll of enchant armour for 97 gold pieces
 42987 | D:1      | Bought a scroll of enchant armour for 97 gold pieces
 42987 | D:1      | Bought a scroll of enchant armour for 97 gold pieces
 43578 | Swamp:1  | You fall into a shaft and drop 1 floor!
 43826 | Swamp:1  | Identified the +7 spear of Piatwawur {vamp, rElec Will+
                  | SInv}
 43994 | Swamp:1  | Identified the +11 spear of the Cursing Traitor {heavy, Fly
                  | rC+ Dex+3}
 44129 | Swamp:2  | Paralysed by a fenstrider witch for 3 turns
 44737 | Swamp:2  | Paralysed by a fenstrider witch for 2 turns
 45644 | Swamp:3  | Found a transporter.
 45644 | Swamp:3  | Found a transporter.
 45644 | Swamp:3  | Noticed Leut's ghost (adept MiFi)
 45859 | Swamp:4  | Entered Level 4 of the Swamp
 45981 | Swamp:4  | Reached XP level 20. HP: 92/126 MP: 20/20
 46326 | Swamp:4  | Reached skill level 10 in Shields
 46453 | Swamp:4  | Noticed Bai Suzhen
 46824 | Swamp:4  | Got a decaying rune of Zot
 48629 | Swamp:4  | Killed Bai Suzhen
 49481 | Vaults:1 | Entered Level 1 of the Vaults
 52162 | Vaults:1 | Found Quacs's Assorted Antiques.
 52459 | Vaults:1 | Reached XP level 21. HP: 132/133 MP: 21/21
 52866 | Vaults:2 | Noticed Mennas
 53648 | Vaults:2 | Killed Mennas
 54346 | Vaults:2 | Found a staircase to the Crypt.
 54544 | Vaults:3 | Noticed Nikola
 54555 | Vaults:3 | Killed Nikola
 54695 | Vaults:3 | Found a portal to a secret trove of treasure.
 54958 | Vaults:3 | Found Kafathrise's Weapon Shop.
 54974 | Vaults:3 | Noticed Zenata
 55522 | Vaults:3 | Paralysed by a sphinx for 4 turns
 55589 | Abyss:2  | Cast into level 2 of the Abyss (a wizard)
 55707 | Abyss:2  | Paralysed by accursed screaming for 1 turns
 55733 | Abyss:2  | Found a corrupted altar of Lugonu.
 56045 | Abyss:2  | Found a corrupted altar of Lugonu.
 56101 | Vaults:3 | Escaped the Abyss
 56141 | Vaults:3 | Reached XP level 22. HP: 124/124 MP: 22/22
 56915 | Vaults:3 | Noticed Jory
 56925 | Vaults:3 | HP: 4/140 [Jory/+3 battleaxe of freezing (9)]
 56925 | Vaults:3 | HP: 1/140 [Jory/+3 battleaxe of freezing (3)]
 57291 | Vaults:3 | Killed Zenata
 58640 | Vaults:4 | Paralysed by a great orb of eyes for 2 turns
 59436 | Vaults:3 | Killed Jory
 59437 | Vaults:3 | Reached XP level 23. HP: 130/147 MP: 23/23
 59467 | Vaults:3 | You paid a toll of 18 potions of curing to enter a treasure
                  | trove
 59468 | Trove    | Entered a treasure trove
 59786 | Elf:1    | Entered Level 1 of the Elven Halls
 60543 | Elf:1    | Found Umoclip's Magic Scroll Emporium.
 61099 | Elf:2    | Paralysed by an air elemental for 1 turns
 61158 | Elf:2    | Found Tiruorri's Book Boutique.
 61641 | Elf:2    | Found a runed translucent gate.
 61642 | Elf:2    | Found a runed translucent gate.
 61643 | Elf:2    | Found a runed translucent gate.
 61715 | Elf:3    | Entered Level 3 of the Elven Halls
 61742 | Elf:3    | Found a radiant altar of Vehumet.
 61748 | Elf:3    | Found Kuatz's Distillery.
 61762 | Elf:3    | Bought a potion of haste for 100 gold pieces
 61762 | Elf:3    | Bought a potion of might for 40 gold pieces
 61762 | Elf:3    | Bought a potion of curing for 30 gold pieces
 62105 | Elf:3    | Found Beot's Assorted Antiques.
 62312 | Elf:3    | Identified Roxanne's Precepts of Scree
 62312 | Elf:3    | Noticed Roxanne
 62504 | Elf:3    | Identified the ring of the Fifty Defenders {rC++ rN++ Str-5
                  | Int+6}
 62505 | Elf:3    | Identified the +0 whip "Hydraslayer" {heavy, *Rage Str+3
                  | Dex+3}
 63207 | Elf:3    | Killed Roxanne
 63638 | Elf:3    | Identified the +1 robe of Follow the Leader {-Cast rElec
                  | Will+ Dex+3}
 63770 | Elf:3    | Identified the amulet of the Scarab {Faith Str+5}
 63856 | Elf:3    | Identified the +3 chain mail of Entitlement {rC+}
 64916 | Elf:3    | Identified a scroll of acquirement
 64916 | Elf:3    | Acquired a +4 ring of slaying
 65009 | Elf:3    | Got the Quarto of Called Elsewhere
 65707 | Depths:1 | Entered Level 1 of the Depths
 66309 | Depths:1 | Found Plog's Book Emporium.
 66309 | Depths:1 | Found Xiqeux's Book Emporium.
 66310 | Depths:1 | Found Liesadi's Jewellery Shop.
 66320 | Depths:1 | Bought a manual of Fighting for 960 gold pieces
 66361 | Depths:1 | Reached XP level 24. HP: 153/154 MP: 9/23
 67008 | Depths:1 | Found a gateway to Hell.
 67107 | Depths:1 | Reached skill level 15 in Shields
 67458 | Depths:1 | Found a one-way gateway to a ziggurat.
 67692 | Depths:1 | Found a corrupted altar of Lugonu.
 68461 | Depths:2 | Found a one-way gate leading to the halls of Pandemonium.
 68712 | Depths:2 | Found a sacrificial altar of Ru.
 70975 | Depths:3 | Noticed a juggernaut
 72118 | Depths:3 | Noticed a juggernaut
 72531 | Depths:3 | Killed a juggernaut
 72706 | Depths:3 | Paralysed by a floating eye for 3 turns
 73238 | Depths:3 | Noticed a golden dragon
 73265 | Depths:3 | Killed a golden dragon
 73558 | Depths:3 | Reached XP level 25. HP: 146/146 MP: 16/23
 73782 | Depths:4 | Entered Level 4 of the Depths
 73782 | Depths:4 | Found a huge runed gate.
 73782 | Depths:4 | Found a huge runed gate.
 73782 | Depths:4 | Found a huge runed gate.
 73782 | Depths:4 | Found a huge runed gate.
 73782 | Depths:4 | Found a huge runed gate.
 73782 | Depths:4 | Found a huge runed gate.
 73782 | Depths:4 | Found a huge runed gate.
 73782 | Depths:4 | Found a huge runed gate.
 73782 | Depths:4 | Found a huge runed gate.
 73782 | Depths:4 | Found a huge runed gate.
 73782 | Depths:4 | Found a huge runed gate.
 73782 | Depths:4 | Found a huge runed gate.
 73782 | Depths:4 | Found a huge runed gate.
 73782 | Depths:4 | Found a huge runed gate.
 73782 | Depths:4 | Found a huge runed gate.
 73782 | Depths:4 | Found a huge runed gate.
 73782 | Depths:4 | Found a huge runed gate.
 73782 | Depths:4 | Found a huge runed gate.
 73782 | Depths:4 | Found a huge runed gate.
 73782 | Depths:4 | Found a huge runed gate.
 73788 | Depths:4 | Noticed a juggernaut
 74362 | Depths:3 | Killed a juggernaut
 74453 | Depths:3 | Killed a juggernaut
 78613 | Depths:4 | Found a gate to the Realm of Zot.
 80164 | Depths:4 | Found Tiapt's Demolitions Depot.
 80677 | Crypt:1  | Entered Level 1 of the Crypt
 80868 | Crypt:1  | Noticed a royal mummy
 80870 | Crypt:1  | Killed a royal mummy
 81075 | Crypt:1  | Noticed Khufu
 81093 | Crypt:1  | Killed Khufu
 81766 | Crypt:1  | Identified the +1 leather armour "Agrutu Dane" {Drain rC+
                  | Str+3 Slay+3}
 81767 | Crypt:1  | Found a basalt altar of Yredelemnul.
 82601 | Crypt:1  | Noticed a royal mummy
 82872 | Crypt:1  | Killed a royal mummy
 83560 | Crypt:2  | Reached XP level 26. HP: 171/171 MP: 21/23
 83664 | Crypt:2  | Found the +8 Vampire's Tooth {megavamp}
 83748 | Crypt:1  | Paralysed by something for 3 turns
 83753 | Crypt:1  | Mangled by a vampire knight

Illustrated notes

Levels and vault maps discovered:
D:1:      scummos_arrival_forest, layout_basic, serial_shops, shop,
          nicolae_shop_trees, hellmonk_ecumenical_altar_watching_god,
          minmay_box_of_dots
D:2:      layout_loops_ring, serial_shops, shop
D:3:      layout_basic
D:4:      layout_cave_pools, uniq_eustachio, uniq_robin
D:5:      old_forge, layout_layer_cave, grunt_temple_overflow_cloverleaf
D:6:      layout_rooms, nicolae_gozag_cash_rules_everything_around_me,
          minmay_temple_entry_trees, uniq_menkaure, uniq_duvessa, uniq_edmund,
          uniq_prince_ribbit1
D:7:      layout_rooms, minitemple
D:8:      layout_basic, erik_lair_island, uniq_gastronok
D:9:      layout_cave_pods, enter_bailey_6, serial_shops, shop,
          nicolae_shop_window_shopping, nicolae_underground_beach
D:10:     layout_small_grid, uniq_fannar, uniq_sonja, uniq_erica
D:11:     layout_basic, erik_orc_3, serial_shops, shop, minmay_the_grid_2x2
          [minmay_the_grid_medium_cups, minmay_the_grid_square_x,
          minmay_the_grid_stretched_grid, minmay_the_grid_prize_four_corners],
          uniq_amaemon
D:12:     layout_basic, nicolae_twisting_strands, uniq_nessos
D:13:     layout_stronghold
D:14:     layout_basic, hangedman_vaults_entry_quadrant_bands,
          dreamdust_wishing_well, serial_shops, bzr_entry_safe,
          nicolae_water_bricks, uniq_louise
D:15:     hangedman_depths_entry_try_elsewhere_first, layout_cave_pods
Temple:   oiseaux_autumnal_temple
Lair:1:   layout_chaotic_city, gauntlet_entry_generic, grunt_megastairs_4,
          lemuel_fruit_fields
Lair:2:   dreamdust_labyrinth, layout_regular_city, grunt_megastairs_3
Lair:3:   layout_chaotic_city, minmay_swamp_entry_worms,
          minmay_snake_entry_guardpost_small, grunt_megastairs_2
Lair:4:   layout_regular_city, nicolae_slime_entry_field_trip,
          portal_ice_cave_entry_imps
Lair:5:   hangedman_lair_in_review, layout_regular_city,
          hangedman_lair_caniforms_friends, minmay_lair_oklob_items
Swamp:1:  layout_falls_marsh, evilmike_swamp_ruin_house_3
Swamp:2:  layout_falls_marsh, evilmike_swamp_ruin_house_6
Swamp:3:  layout_basic_swamp, gammafunk_ghost_mausoleum, serial_swamp_ruin,
          evilmike_swamp_ruin_house_2, evilmike_swamp_ruin_house_5,
          evilmike_swamp_ruin_house_4, swamp_pool4
Swamp:4:  swamp_fiery, layout_basic_swamp, swamp_pool5, uniq_bai_suzhen
Snake:1:  layout_misc_corridors, uniq_aizul
Snake:2:  layout_layer_cave, grunt_ministairs_7, minmay_shop_star
Snake:3:  layout_gridlike, uniq_vashnia, uniq_jorgrun
Snake:4:  snake_pit_salamanders_mu, layout_cave_town
Orc:1:    layout_diamond_mine, basic_altar, serial_shops,
          nicolae_shop_behind_doors, shop, amcnicky_altar_lugonu_corruption
Orc:2:    grunt_orc_community_town_hall, layout_caves,
          grunt_orc_community_big_house_2, grunt_orc_community_big_house_1,
          grunt_orc_community_house_2, grunt_orc_community_house_3,
          grunt_orc_community_house_2, grunt_orc_community_house_2
Elf:1:    eino_elf_arrival_shootout, layout_geoelf_diagonals, serial_shops,
          nicolae_take_the_stairs, serial_aquarium, aquarium_bridge_square
          [aquarium_subvault_bridge, aquarium_subvault_window,
          aquarium_subvault_wall, aquarium_subvault_wall],
          aquarium_bridge_square [aquarium_subvault_bridge,
          aquarium_subvault_bridge, aquarium_subvault_bridge,
          aquarium_subvault_bridge], aquarium_window_fake, aquarium_window_1,
          aquarium_view_2d, aquarium_view_2e, aquarium_balcony_1b,
          aquarium_pool_corner, minivault_28
Elf:2:    elven_hall_of_blades_hangedman_original
          [nicolae_blade_entry_sentries_behind_glass], layout_geoelf_octagon,
          serial_shops, nicolae_shop_advertising_works
          [nicolae_subvault_shop_adworks]
Elf:3:    elf_hall, layout_geoelf_diagonals, basic_altar, serial_shops, shop,
          shop, roderic_lattice_octagonal_star, uniq_roxanne
Vaults:1: nicolae_vaults_what_the_h, nicolae_vaults_windows_and_doors_thing,
          nicolae_vaults_mini_display_case, vaults_room_guarded_vault,
          v_misc_14, nicolae_vaults_network_barrier,
          nicolae_vaults_network_quinsquares
          [nicolae_vaults_network_quincunx_subvault,
          nicolae_vaults_network_quincunx_subvault,
          nicolae_vaults_network_quincunx_subvault,
          nicolae_vaults_network_quincunx_subvault], v_misc_10,
          layout_vaults_omnicross, serial_shops, shop
Vaults:2: v_misc_5, minmay_crypt_entry_simple_corners, vaults_room_pools,
          hangedman_vaults_hat, grunt_vaults_bifocal, vaults_dpeg_ring,
          layout_vaults_omnigrid, uniq_mennas
Vaults:3: nicolae_vaults_ninety_degrees, v_misc_9, nicolae_vaults_little_ls,
          nicolae_vaults_network_square, vaults_room_pools, vaults_mumra_lcd,
          grunt_vaults_funnel, v_misc_32, hangedman_vaults_snaps,
          vaults_room_grid, nicolae_vaults_little_squares_4, layout_vaults_ring,
          serial_shops, shop, enter_trove_2, uniq_nikola, uniq_jory, uniq_zenata
Vaults:4: vaults_dpeg_encased_lava, dpeg_vaults_monster_row, v_misc_15,
          grunt_vaults_hallway_long, v_pattern_2, nicolae_vaults_alarming,
          dpeg_vaults_monster_box, ontoclasm_vaults_bender, vaults_room_pools,
          nicolae_vaults_network_periphery, v_rooms_6, layout_vaults_big_room
Crypt:1:  ragdoll_tomb_raider, layout_regular_city, basic_altar
Crypt:2:  lemuel_minitomb, layout_misc_corridors,
          serial_sigils_hangedman_scratch, minmay_guarded_unrand_vampires_tooth
Depths:1: layout_gridlike, enter_ziggurat_a, nrook_mini_vaults, hell_entry,
          abyss_entry_flame_altar, kennysheep_windowed_goal,
          serial_bayou_shore_b, serial_bayou_shore_b, minmay_shop_grove,
          infiniplex_staircase_pool_lava
Depths:2: dreamdust_tengu_aerie, layout_long_grid, hellmouth_1,
          rand_demon_pan_entry_3, nicolae_ru_path_of_blood, serial_bayou_shore_b
Depths:3: cheibrodos_spurs, layout_cave_shapes, abyss_entry, hell_entry,
          infiniplex_staircase_pillars_1
Depths:4: grunt_twist_and_shout, layout_cave_pools, rand_demon_pan_entry_5,
          hell_entry, nicolae_blasting_shop, reverse_door_vault,
          serial_bayou_shore_a, serial_bayou_shore_b

Skill      XL: |  1  2  3  4  5  6  7  8  9 10 11 12 13 14 15 16 17 18 19 20 21 22 23 24 25 26 |
---------------+-------------------------------------------------------------------------------+-----
Short Blades   | 3 4 5 6 7 8 10 12 13 15 16 17 18 19 20 21 | 21.0
Dodging        | 2 3 4 5 6 7 9 10 12 13 15 16 17 18 20 21 22 23 24 25 26 | 26.9
Fighting       | 3 4 5 6 7 8 10 11 12 14 15 16 17 18 19 20 21 22 23 25 26 | 26.2
Stealth        | 6 7 8 9 10 12 13 15 16 18 19 20 21 23 | 23.0
Shields        | 1 5 7 9 11 12 13 14 15 16 | 16.1
Throwing       | |  2.1

Action                     |  1- 3 |  4- 6 |  7- 9 | 10-12 | 13-15 | 16-18 | 19-21 | 22-24 | 25-27 || total
---------------------------+-------+-------+-------+-------+-------+-------+-------+-------+-------++-------
  Melee: Dagger            |    81 |   109 |   111 |       |       |     1 |       |       |       ||   302
         Punch             |     1 |     2 |     3 |    12 |    11 |    11 |       |       |       ||    40
         Rapier            |       |       |   140 |   610 |  1022 |  1181 |  1165 |   477 |       ||  4595
         Short sword       |       |       |       |       |       |       |       |  1068 |   608 ||  1676
  Throw: Dart              |       |       |       |     1 |       |       |       |       |       ||     1
 Invoke: Ancestor Life: He |       |       |       |     1 |       |       |       |       |       ||     1
         Recall Ancestor   |       |       |       |       |     4 |     3 |     4 |     2 |     2 ||    15
  Evoke: Wand              |       |       |       |    12 |       |     2 |       |       |       ||    14
    Use: Potion            |       |       |     5 |     3 |     3 |       |     7 |     8 |     2 ||    28
         Scroll            |       |       |    16 |     5 |    11 |     6 |     6 |     6 |     6 ||    56
   Stab: Sleeping          |    10 |     8 |    27 |    30 |    37 |    76 |    20 |    29 |    11 ||   248
         Distracted        |     1 |     1 |     1 |     9 |    31 |    33 |    31 |    37 |    25 ||   169
         Confused          |       |       |       |     4 |    18 |    22 |    74 |    95 |    37 ||   250
         Invisible         |       |       |       |       |     2 |       |       |       |       ||     2
         Paralysed         |       |       |       |       |    22 |    52 |    62 |    59 |    20 ||   215
         Petrified         |       |       |       |       |       |     3 |       |       |       ||     3
         Petrifying        |       |       |       |       |       |     1 |       |       |       ||     1
 Armour: Robe              |    13 |    23 |    36 |    22 |       |       |       |       |       ||    94
         Troll leather arm |       |       |       |    42 |    82 |    69 |     1 |    13 |       ||   207
         Leather armour    |       |       |       |       |       |    18 |    79 |    52 |    45 ||   194
         Ring mail         |       |       |       |       |       |       |       |    24 |       ||    24
  Dodge: Dodged            |    44 |    92 |   239 |   566 |   891 |  1077 |   830 |   938 |   393 ||  5070
  Block: Buckler           |       |       |       |       |       |   135 |    42 |       |       ||   177
         Kite shield       |       |       |       |       |       |       |   538 |   726 |   325 ||  1589
         Reflection        |       |       |       |       |       |       |    22 |    39 |     3 ||    64

Table legend: (Time is in decaauts)
 A = Elapsed time spent in this place.
 B = Non-inter-level travel time spent in this place.
 C = Inter-level travel time spent in this place.
 D = Time resting spent in this place.
 E = Time spent auto-exploring this place.
 F = Levels seen in this place.
 G = Mean time per level.
                   A        B        C        D        E       F      G
               +--------+--------+--------+--------+--------+-----+--------+
         Total |  81881 |  77063 |   4818 |  19893 |  42763 |  49 | 1671.0 |
       Dungeon |  21808 |  19364 |   2444 |   4045 |  11977 |  15 | 1453.9 |
        Temple |    336 |    307 |     29 |      0 |    294 |   1 |  336.0 |
          Lair |  10011 |   9246 |    765 |   1752 |   5989 |   5 | 2002.2 |
         Swamp |   6593 |   6415 |    178 |   1482 |   3928 |   4 | 1648.2 |
     Snake Pit |   6394 |   6136 |    258 |    894 |   4104 |   4 | 1598.5 |
  Orcish Mines |   2074 |   1868 |    206 |    456 |    990 |   2 | 1037.0 |
   Elven Halls |   5336 |   5174 |    162 |    898 |   2990 |   3 | 1778.7 |
        Vaults |   8454 |   8068 |    386 |   1827 |   4425 |   4 | 2113.5 |
         Crypt |   2515 |   2471 |     44 |    443 |   1547 |   2 | 1257.5 |
        Depths |  14413 |  14070 |    343 |   7232 |   4991 |   4 | 3603.2 |
         Abyss |    472 |    472 |      0 |      2 |    306 |   1 |  472.0 |
         Trove |     67 |     67 |      0 |      0 |      0 |   1 |   67.0 |
        Bailey |   1179 |   1179 |      0 |    462 |    201 |   1 | 1179.0 |
      Ice Cave |   1300 |   1300 |      0 |    398 |    545 |   1 | 1300.0 |
      Gauntlet |    923 |    923 |      0 |      0 |    472 |   1 |  923.0 |
               +--------+--------+--------+--------+--------+-----+--------+

Top non-repeatable levels by time:
Depths:3: 7348 daAuts
 Swamp:4: 3712 daAuts
   Elf:3: 3319 daAuts
    D:11: 3058 daAuts
Depths:2: 2629 daAuts
Vaults:3: 2472 daAuts
Depths:4: 2460 daAuts
    D:14: 2406 daAuts
  Lair:4: 2325 daAuts
     D:5: 2292 daAuts
Vaults:2: 2284 daAuts
  Lair:5: 2081 daAuts
 Crypt:1: 2055 daAuts
  Lair:1: 1985 daAuts
Depths:1: 1974 daAuts
